 Dungeon Crawl Stone Soup version 0.30-a0-250-g41c1d76940 (webtiles) character file.

Game seed: 17117277487102515958

48 koil the Sneak (level 3, 0/17 HPs)
             Began as a Spriggan Enchanter on Oct 13, 2022.
             Slain by a goblin
             ... wielding a +0 dagger
             ... led by Robin
              (5 damage)
             ... on level 3 of the Dungeon.
             The game lasted 00:04:14 (1928 turns).

koil the Sneak (Spriggan Enchanter)                 Turns: 1928, Time: 00:04:15

Health: 0/17       AC:  2    Str:  4    XL:     3   Next: 50%
Magic:  8/8        EV: 18    Int: 16    God:
Gold:   98         SH:  0    Dex: 17    Spells: 6/8 levels left

rFire   . . .      SeeInvis +    h - +1 dagger (venom)
rCold   . . .      Faith    .    (no shield)
rNeg    . . .      Spirit   .    b - +0 robe
rPois   .          Reflect  .    (helmet restricted)
rElec   .          Harm     .    (no cloak)
rCorr   .          Rampage  .    (gloves unavailable)
Will    .....                    (boots unavailable)
Stlth   +++.......               (no amulet)
HPRegen 0.22/turn                (no ring)
MPRegen 0.11/turn                (no ring)

@: very quick
A: very small, no large weapons, unfitting armour, see invisible, speed 3
a: no special abilities


You were on level 3 of the Dungeon.
You visited 1 branch of the dungeon, and saw 3 of its levels.

You collected 98 gold pieces.

Inventory:

Hand Weapons
 a - a +1 dagger
 h - a +1 dagger of venom (weapon)
 q - a +2 vorpal sling
 t - a +1 trident of protection
Armour
 b - a +0 robe (worn)
Scrolls
 e - a scroll of fear {unknown}
 g - a scroll of noise {unknown}
 i - a scroll of teleportation {unknown}
 j - 2 scrolls of identify {unknown}
 r - 4 scrolls of enchant weapon {unknown}
 s - a scroll of torment {unknown}
Potions
 c - 3 potions of invisibility
 d - a potion of degeneration {unknown}
 f - 2 potions of haste {unknown}
 k - a potion of magic {unknown}
 l - a potion of attraction {unknown}
 m - a potion of lignification {unknown}
 n - a potion of brilliance {unknown}
 o - 2 potions of heal wounds {unknown}
 p - a potion of curing {unknown}


   Skills:
 + Level 0.6 Fighting
 * Level 2.2 Short Blades
 + Level 3.1 Dodging
 + Level 4.7 Stealth
 + Level 3.1 Spellcasting
 + Level 4.0 Hexes


You had 6 spell levels left.
You knew the following spells:

 Your Spells              Type           Power      Damage    Failure   Level
a - Ensorcelled Hibernat  Hex/Ice        16%        N/A       12%         2

Your spell library contained the following spells:

 Spells                   Type           Power      Damage    Failure   Level
 Confusing Touch          Hex            15%        N/A       11%         3
 Tukima's Dance           Hex            15%        N/A       11%         3
 Foxfire                  Conj/Fire      8%         2x1d4     19%         1
 Dazzling Flash           Conj/Hex       16%        N/A       24%         3
 Fireball                 Conj/Fire      1%         3d3       99%         5
 Starburst                Conj/Fire      1%         6d3       100%        6


Dungeon Overview and Level Annotations

Branches:
Dungeon (3/15)

Altars:

Annotations:
D:3 Robin


Innate Abilities, Weirdness & Mutations

You are very small and have problems with some larger weapons.
You are too small for most types of armour.
You have supernaturally acute eyesight. (SInv)
You cover ground extremely quickly. (Speed+++)


Message History

You hit the hobgoblin.
The hobgoblin is heavily wounded.
The hobgoblin hits you.
You barely miss the hobgoblin.
The hobgoblin is heavily wounded.
The hobgoblin hits you.
You hit the hobgoblin.
You kill the hobgoblin!
You hit the goblin.
The goblin is heavily wounded.
The goblin hits you but does no damage.
You hit the goblin.
The goblin is poisoned.
The goblin is severely wounded.
You closely miss the goblin.
The goblin is severely wounded.
Robin of the Strong Arm comes into view.
They are wielding a +0 dagger.
The goblin hits you but does no damage.
Robin shouts!
You hit the goblin.
The goblin looks as sick as possible!
The goblin is severely wounded.
You hear a shout!
The goblin hits you with a +0 dagger. Robin throws the goblin at you!
You closely miss the goblin.
The goblin is almost dead.
You kill the goblin!
The goblin hits you with a +0 dagger. Robin throws the goblin at you!
The goblin hits you with a +0 dagger.
You are too injured to fight recklessly!
You are too injured to fight recklessly!
You hit the goblin.
The goblin is poisoned.
The goblin is moderately wounded.
The goblin completely misses you.
Robin roars a battlecry!
The goblins go into a battle-frenzy!
The goblin hits you with a +0 dagger.
* * * LOW HITPOINT WARNING * * *
You closely miss the goblin.
The goblin is moderately wounded.
The goblin hits you with a +0 dagger.
You die...

## ## #.###. ###
#.#.# #.# #..##
..g #####...## #g#
.......#.## #g#
###.##.##.## #g#
#.###)###.#####@#
#.............#g#
#..##.###.###.#.#
###.##.##<## #.#.#
....)#.#.## #.#.#
....#.[.## #)#.#
.......#######.#.#
....#.###....)[..#
#....## #.####.###


You could see Robin, a hobgoblin (strong) and 3 goblins.

Vanquished Creatures
  An adder (D:2)
  3 orcs (D:3)
  2 endoplasms (D:1)
  3 giant cockroaches (D:1)
  5 goblins
  4 hobgoblins
  5 kobolds
  2 quokkas
  A ball python (D:1)
  A bat (D:1)
  3 frilled lizards (D:1)
  3 rats (D:1)
33 creatures vanquished.

Notes
Turn   | Place    | Note
-------+----------+-------------------------------------------
     0 | D:1      | koil the Spriggan Enchanter began the quest for the Orb.
     0 | D:1      | Reached XP level 1. HP: 9/9 MP: 5/5
   201 | D:1      | Reached XP level 2. HP: 9/13 MP: 6/6
   210 | D:1      | Learned a level 2 spell: Ensorcelled Hibernation
  1344 | D:2      | Reached XP level 3. HP: 17/17 MP: 8/8
  1924 | D:3      | Noticed Robin
  1928 | D:3      | Slain by a goblin

Illustrated notes

Levels and vault maps discovered:
D:1:      matt_arrival_spirals, layout_loops_ring,
          chequers_serial_rivers_large_a, nicolae_figureground_pulse
D:2:      layout_basic, serial_curves, eino_curves_03, eino_curves_03
D:3:      wander_river, layout_loops_ring, makhleb_altar_promises_db,
          uniq_jessica, uniq_robin, uniq_sigmund

Skill      XL: |  1  2  3 |
---------------+----------+-----
Dodging        | 3 |  3.1
Spellcasting   | 3 |  3.1
Short Blades   | 2 |  2.2
Hexes          | 4 |  4.0
Fighting       | |  0.6
Stealth        | |  4.7

Action                   || total
-------------------------++-------
Melee: Dagger            ||    90
 Cast: Ensorcelled Hiber ||     1
 Stab: Sleeping          ||    10
Armor: Robe              ||     9
Dodge: Dodged            ||    55

Table legend: (Time is in decaauts)
 A = Elapsed time spent in this place.
 B = Non-inter-level travel time spent in this place.
 C = Inter-level travel time spent in this place.
 D = Time resting spent in this place.
 E = Time spent auto-exploring this place.
 F = Levels seen in this place.
 G = Mean time per level.
                   A        B        C        D        E       F      G
               +--------+--------+--------+--------+--------+-----+--------+
         Total |   1278 |   1263 |     15 |     27 |   1006 |   3 |  426.0 |
       Dungeon |   1278 |   1263 |     15 |     27 |   1006 |   3 |  426.0 |
               +--------+--------+--------+--------+--------+-----+--------+

Top non-repeatable levels by time:
     D:1: 627 daAuts
     D:2: 559 daAuts
     D:3: 92 daAuts
